MID
SOUTH BEND CUBS @ KANE COUNTY COUGARS
06/01/2044
 
TOP OF THE 1ST
South Bend Cubs batting - Pitching for Kane County Cougars : RHP Chad Toms
Pitching: RHP Chad Toms
Batting: RHB Jason Ostrom 0-0: Fly out, F8 (Flyball, 8RXD, EV 91.2 MPH)
Batting: LHB Bill Tardiff 0-0: Ground out 5-3 (Groundball, 56, EV 88.1 MPH)
Batting: RHB Mike Savage 0-0: Ball
1-0: Ball
2-0: Called Strike
2-1: Ground out 6-3 (Groundball, 56, EV 86.9 MPH)
Top of the 1st over - 0 runs, 0 hits, 0 errors, 0 left on base; South Bend 0 - Kane County 0
BOTTOM OF THE 1ST
Kane County Cougars batting - Pitching for South Bend Cubs : RHP Daniel Sullivan
Pitching: RHP Daniel Sullivan
Batting: RHB Dave Vargas 0-0: Ball
1-0: Fly out, F9 (Line Drive, 9, EV 89.4 MPH)
Batting: RHB Franklin Villanueva 0-0: Called Strike
0-1: Fly out, F9 (Flyball, 9LD, EV 103.8 MPH)
Batting: RHB Marlon Reda 0-0: Fly out, F7 (Flyball, 7S, EV 90.0 MPH)
Bottom of the 1st over - 0 runs, 0 hits, 0 errors, 0 left on base; South Bend 0 - Kane County 0
TOP OF THE 2ND
South Bend Cubs batting - Pitching for Kane County Cougars : RHP Chad Toms
Batting: LHB Mike DiNardo 0-0: Ground out 3-1 (Groundball, 34, EV 101.9 MPH)
Batting: SHB Benoît Morin 0-0: Ball
1-0: Called Strike
1-1: Ball
2-1: Called Strike
2-2: Fly out, F9 (Flyball, 9, EV 87.5 MPH)
Batting: LHB Andy Bordeaux 0-0: Fly out, F3 (Popup, 3SF, EV 85.6 MPH)
Top of the 2nd over - 0 runs, 0 hits, 0 errors, 0 left on base; South Bend 0 - Kane County 0
BOTTOM OF THE 2ND
Kane County Cougars batting - Pitching for South Bend Cubs : RHP Daniel Sullivan
Batting: RHB Matt Maxwell 0-0: Called Strike
0-1: Ball
1-1: Foul Ball, location: 2F
1-2: Ball
2-2: Foul Ball, location: 2F
2-2: Ball
3-2: Ground out 4-3 (Groundball, 4, EV 105.0 MPH)
Batting: RHB John Pena 0-0: Ball
1-0: Foul Ball, location: 2F
1-1: Foul Ball, location: 2F
1-2: Foul Ball, location: 2F
1-2: Ball
2-2: Ball
3-2: SINGLE (Groundball, 4MD, EV 96.9 MPH)
Batting: RHB Jake Hodge 0-0: Grounds into double play, 6-4-3 (Groundball, 6, EV 82.5 MPH)
Bottom of the 2nd over - 0 runs, 1 hit, 0 errors, 0 left on base; South Bend 0 - Kane County 0
TOP OF THE 3RD
South Bend Cubs batting - Pitching for Kane County Cougars : RHP Chad Toms
Batting: RHB Omar Novoa 0-0: Ball
1-0: Called Strike
1-1: Ball
2-1: Called Strike
2-2: Foul Ball, location: 2F
2-2: Strikes out swinging
Batting: RHB John Madden 0-0: Foul Ball, location: 2F
0-1: Ground out 6-3 (Groundball, 6, EV 82.5 MPH)
Batting: SHB Alvaro Andrade 0-0: Foul Ball, location: 2F
0-1: Fly out, F5 (Popup, 5, EV 59.4 MPH)
Top of the 3rd over - 0 runs, 0 hits, 0 errors, 0 left on base; South Bend 0 - Kane County 0
BOTTOM OF THE 3RD
Kane County Cougars batting - Pitching for South Bend Cubs : RHP Daniel Sullivan
Batting: RHB Curt Barrett 0-0: Ball
1-0: Ball
2-0: Fly out, F6 (Popup, 6, EV 54.4 MPH)
Batting: LHB Brian Nielsen 0-0: Ball
1-0: Foul Ball, location: 2F
1-1: Ball
2-1: Swinging Strike
2-2: Ball
3-2: Ground out 6-3 (Groundball, 6S, EV 85.6 MPH)
Batting: RHB Jason Rivers 0-0: Reached on error, E5 (Groundball, 56, EV 87.5 MPH)
Batting: RHB Dave Vargas 0-0: Ball
1-0: Ball
2-0: Called Strike
2-1: Ball
3-1: Base on Balls
Batting: RHB Franklin Villanueva 0-0: Swinging Strike
0-1: Fly out, F8 (Flyball, 8LM, EV 88.1 MPH)
Bottom of the 3rd over - 0 runs, 0 hits, 1 error, 2 left on base; South Bend 0 - Kane County 0
TOP OF THE 4TH
South Bend Cubs batting - Pitching for Kane County Cougars : RHP Chad Toms
Batting: RHB Jason Ostrom 0-0: Ball
1-0: Foul Ball, location: 2F
1-1: Foul Ball, location: 2F
1-2: Foul Ball, location: 2F
1-2: Fly out, F8 (Line Drive, 8RD, EV 98.1 MPH)
Batting: LHB Bill Tardiff 0-0: Called Strike
0-1: Foul Ball, location: 2F
0-2: Ball
1-2: Ball
2-2: Ground out 5-3 (Groundball, 56, EV 106.9 MPH)
Batting: RHB Mike Savage 0-0: Ball
1-0: Ball
2-0: Ground out 6-3 (Groundball, 6MD, EV 81.2 MPH)
Top of the 4th over - 0 runs, 0 hits, 0 errors, 0 left on base; South Bend 0 - Kane County 0
BOTTOM OF THE 4TH
Kane County Cougars batting - Pitching for South Bend Cubs : RHP Daniel Sullivan
Batting: RHB Marlon Reda 0-0: Fly out, F4 (Popup, 4, EV 65.0 MPH)
Batting: RHB Matt Maxwell 0-0: Swinging Strike
0-1: Ball
1-1: Ball
2-1: Foul Ball, location: 2F
2-2: Foul Ball, location: 2F
2-2: Ball
3-2: Base on Balls
Batting: RHB John Pena 0-0: SINGLE (Groundball, 4MD, EV 108.1 MPH)
Matt Maxwell to second
Batting: RHB Jake Hodge 0-0: Grounds into double play, 6-4-3 (Groundball, 6, EV 76.2 MPH)
Bottom of the 4th over - 0 runs, 1 hit, 0 errors, 1 left on base; South Bend 0 - Kane County 0
TOP OF THE 5TH
South Bend Cubs batting - Pitching for Kane County Cougars : RHP Chad Toms
Batting: LHB Mike DiNardo 0-0: Ball
1-0: Swinging Strike
1-1: Ball
2-1: Swinging Strike
2-2: Strikes out swinging
Batting: SHB Benoît Morin 0-0: Foul Ball, location: 2F
0-1: Swinging Strike
0-2: Ball
1-2: Foul Ball, location: 2F
1-2: Foul Ball, location: 2F
1-2: Strikes out swinging
Batting: LHB Andy Bordeaux 0-0: Ball
1-0: Called Strike
1-1: Foul Ball, location: 2F
1-2: Ball
2-2: Ground out 4-3 (Groundball, 4M, EV 80.6 MPH)
Top of the 5th over - 0 runs, 0 hits, 0 errors, 0 left on base; South Bend 0 - Kane County 0
BOTTOM OF THE 5TH
Kane County Cougars batting - Pitching for South Bend Cubs : RHP Daniel Sullivan
Batting: RHB Curt Barrett 0-0: Swinging Strike
0-1: Fly out, F9 (Flyball, 9D, EV 96.2 MPH)
Batting: LHB Brian Nielsen 0-0: Ball
1-0: SINGLE (Groundball, 4MD, EV 103.1 MPH)
Batting: RHB Jason Rivers 0-0: Fly out, F9 (Flyball, 9LS, EV 93.8 MPH)
Batting: RHB Dave Vargas 0-0: Swinging Strike
0-1: Called Strike
0-2: Ball
1-2: Strikes out swinging
Bottom of the 5th over - 0 runs, 1 hit, 0 errors, 1 left on base; South Bend 0 - Kane County 0
TOP OF THE 6TH
South Bend Cubs batting - Pitching for Kane County Cougars : RHP Chad Toms
Batting: RHB Omar Novoa 0-0: Called Strike
0-1: Ball
1-1: Ball
2-1: Ball
3-1: DOUBLE (Line Drive, 78D, EV 110.0 MPH)
Batting: RHB John Madden 0-0: Fly out, F7 (Flyball, 7LS, EV 77.5 MPH)
Batting: SHB Alvaro Andrade 0-0: Ball
1-0: Foul Ball, location: 2F
1-1: Fly out, F9 (Flyball, 89M, EV 77.5 MPH)
Batting: RHB Jason Ostrom 0-0: DOUBLE (Flyball, 89D, EV 108.1 MPH)
Omar Novoa scores
Batting: LHB Bill Tardiff 0-0: Ball
1-0: Foul Ball, location: 2F
1-1: Foul Ball, location: 2F
1-2: Ball
2-2: SINGLE (Line Drive, 56D, EV 95.0 MPH)
Jason Ostrom to third
Runner from 3rd tries for Home, SAFE, throw by LF to home
Batting: RHB Mike Savage 0-0: Called Strike
0-1: Ball
Bill Tardiff is caught stealing 2nd base 2-4
Top of the 6th over - 2 runs, 3 hits, 0 errors, 0 left on base; South Bend 2 - Kane County 0
BOTTOM OF THE 6TH
Kane County Cougars batting - Pitching for South Bend Cubs : RHP Daniel Sullivan
Pitching: RHP Eric Allen
Batting: RHB Franklin Villanueva 0-0: Ball
1-0: Ball
2-0: Ball
3-0: Base on Balls
Batting: RHB Marlon Reda 0-0: Called Strike
0-1: SINGLE (Groundball, 56D, EV 105.6 MPH)
Franklin Villanueva to second
Batting: RHB Matt Maxwell 0-0: Grounds into double play, 6-4-3 (Groundball, 6, EV 82.5 MPH)
Franklin Villanueva to third
Batting: RHB John Pena 0-0: Ball
1-0: Called Strike
1-1: Ground out 1-3 (Groundball, 15S, EV 71.2 MPH)
Bottom of the 6th over - 0 runs, 1 hit, 0 errors, 1 left on base; South Bend 2 - Kane County 0
TOP OF THE 7TH
South Bend Cubs batting - Pitching for Kane County Cougars : RHP Chad Toms
Batting: RHB Mike Savage 0-0: Foul Ball, location: 2F
0-1: Foul Ball, location: 2F
0-2: Strikes out swinging
Batting: LHB Mike DiNardo 0-0: DOUBLE (Line Drive, 78M, EV 93.8 MPH)
Batting: SHB Benoît Morin 0-0: Ball
1-0: Foul Ball, location: 2F
1-1: Ground out 4-3 (Groundball, 34, EV 104.4 MPH)
Mike DiNardo to third
Batting: LHB Andy Bordeaux 0-0: Ball
1-0: SINGLE (Groundball, 4MS, EV 68.8 MPH) (infield hit)
Mike DiNardo scores
Batting: RHB Omar Novoa 0-0: Ball
1-0: Ball
Wild Pitch!
Andy Bordeaux to second
2-0: Called Strike
2-1: Fly out, F8 (Flyball, 8LM, EV 85.6 MPH)
Top of the 7th over - 1 run, 2 hits, 0 errors, 1 left on base; South Bend 3 - Kane County 0
BOTTOM OF THE 7TH
Kane County Cougars batting - Pitching for South Bend Cubs : RHP Eric Allen
Batting: RHB Jake Hodge 0-0: Ball
1-0: Ground out 6-3 (Groundball, 6, EV 101.9 MPH)
Batting: RHB Curt Barrett 0-0: Ball
1-0: Ball
2-0: Ball
3-0: Base on Balls
Batting: LHB Brian Nielsen 0-0: Swinging Strike
0-1: Swinging Strike
0-2: Strikes out swinging
Batting: RHB Jason Rivers 0-0: Ball
1-0: Reached on error, E5 (Groundball, 56, EV 103.1 MPH)
Curt Barrett to second
Batting: RHB Dave Vargas 0-0: Ball
1-0: Ground out 6-3 (Groundball, 6S, EV 66.2 MPH)
Bottom of the 7th over - 0 runs, 0 hits, 1 error, 2 left on base; South Bend 3 - Kane County 0
TOP OF THE 8TH
South Bend Cubs batting - Pitching for Kane County Cougars : RHP Chad Toms
Batting: RHB John Madden 0-0: Ball
1-0: Swinging Strike
1-1: Ground out 1-3 (Groundball, 13, EV 66.2 MPH)
Batting: SHB Alvaro Andrade 0-0: Called Strike
0-1: Foul Ball, location: 2F
0-2: Strikes out swinging
Batting: RHB Jason Ostrom 0-0: Ball
1-0: Ball
2-0: Ground out 5-3 (Groundball, 5, EV 93.1 MPH)
Top of the 8th over - 0 runs, 0 hits, 0 errors, 0 left on base; South Bend 3 - Kane County 0
BOTTOM OF THE 8TH
Kane County Cougars batting - Pitching for South Bend Cubs : RHP Eric Allen
Pitching: LHP Jose Carrillo
Batting: RHB Franklin Villanueva 0-0: Called Strike
0-1: Ball
1-1: Foul Ball, location: 2F
1-2: Ground out 6-3 (Groundball, 6, EV 91.9 MPH)
Batting: RHB Marlon Reda 0-0: Called Strike
0-1: Ball
1-1: Foul Ball, location: 2F
1-2: Strikes out looking
Batting: RHB Matt Maxwell 0-0: Swinging Strike
0-1: Foul Ball, location: 2F
0-2: Strikes out swinging
Bottom of the 8th over - 0 runs, 0 hits, 0 errors, 0 left on base; South Bend 3 - Kane County 0
TOP OF THE 9TH
South Bend Cubs batting - Pitching for Kane County Cougars : RHP Chad Toms
Pitching: RHP Ming-feng Pi
Batting: LHB Bill Tardiff 0-0: Ball
1-0: Ball
2-0: Called Strike
2-1: Ball
3-1: DOUBLE (Line Drive, 7LM, EV 100.6 MPH)
Batting: RHB Mike Savage 0-0: Ball
1-0: Called Strike
1-1: Called Strike
1-2: Ball
2-2: Strikes out swinging
Batting: LHB Mike DiNardo 0-0: Ball
1-0: Ball
2-0: Ball
3-0: Called Strike
3-1: Fly out, F7 (Flyball, 78M, EV 91.2 MPH)
Batting: SHB Benoît Morin 0-0: Called Strike
0-1: Ball
1-1: Fly out, F3 (Line Drive, 3, EV 77.5 MPH)
Top of the 9th over - 0 runs, 1 hit, 0 errors, 1 left on base; South Bend 3 - Kane County 0
BOTTOM OF THE 9TH
Kane County Cougars batting - Pitching for South Bend Cubs : LHP Jose Carrillo
Batting: RHB John Pena 0-0: Swinging Strike
0-1: SINGLE (Flyball, 5D, EV 81.2 MPH)
Batting: RHB Jake Hodge 0-0: Ball
1-0: Called Strike
1-1: Swinging Strike
1-2: Foul Ball, location: 2F
1-2: Foul Ball, location: 2F
1-2: Foul Ball, location: 2F
1-2: Ball
2-2: Foul Ball, location: 2F
2-2: Fly out, F8 (Flyball, 8RS, EV 83.1 MPH)
Batting: RHB Curt Barrett 0-0: Ball
1-0: Ball
2-0: Ball
3-0: Base on Balls
John Pena to second
Pitching: RHP Josh Deyo
Batting: LHB Brian Nielsen 0-0: Fielders Choice at 2nd, 3-6 (Groundball, 3, EV 78.1 MPH)
John Pena to third
Batting: RHB Jason Rivers 0-0: Foul Ball, location: 2F
0-1: Ball
Wild Pitch!
John Pena scores
Brian Nielsen to second
1-1: Fly out, F8 (Line Drive, 8RD, EV 96.2 MPH)
Bottom of the 9th over - 1 run, 1 hit, 0 errors, 1 left on base; South Bend 3 - Kane County 1
Thursday, March 31st , 2022 - OOTP Baseball 22.12 Build 89